 Dungeon Sprint DCSS version 0.31-a0-986-g5e6e4ef867 (webtiles) character file.

Game seed: 15024223611545962857

383 rocky1 the Grappler (level 6, -2/42 (47) HPs)
             Began as a Merfolk Shapeshifter on Nov 24, 2023.
             Was an Initiate of Gozag.
             Killed from afar by a necromancer (26 damage)
             ... with a bolt of negative energy
             ... in the Dungeon (Sprint III: "The Ten Rune Challenge").
             The game lasted 00:01:36 (1149 turns).

rocky1 the Grappler (Merfolk Shapeshifter)          Turns: 1149, Time: 00:01:37

HP:   -2/42 (47)    AC:  2    Str: 14    XL:     6   Next: 76%
MP:   6/6           EV: 15    Int: 12    God:    Gozag
Gold: 216           SH:  0    Dex: 17    Spells: 5/5 levels left

rFire   . .          .
                       - Unarmed
rCold   . . .        (shield currently unavailable)
rNeg    . . .        a - +0 animal skin
rPois   .            (no helmet)
rElec   .            (no cloak)
rCorr   .            (no gloves)
SInv    .            (no boots)
Will    .....        (no amulet)
Stlth   +            (no ring)
HPRegen 0.27/turn    (no ring)
MPRegen 0.10/turn

%: no teleportation
@: flux-form, gold aura, glowing, heavily drained
A: glow, contaminating, (nimble swimmer 2), mertail, agile 1, clever 1
a: Begin Untransformation, Renounce Religion, Potion Petition, Call Merchant,
Bribe Branch


You were in the Dungeon.
You worshipped Gozag.
Gozag was aware of your devotion.
You were something dangerously unstable.
You visited 1 branch You collected 216 gold pieces.

Inventory:

Armour
 a - a +0 animal skin (worn)
Talismans
 c - a beast talisman
 d - a flux talisman (active)
Scrolls
 j - a scroll of blinking
 k - a scroll of brand weapon {unknown}
 m - 2 scrolls of poison {unknown}
 n - a scroll of revelation {unknown}
 p - 2 scrolls of identify
Potions
 e - a potion of curing
 f - 2 potions of heal wounds
 g - a potion of haste
 h - 2 potions of magic
 i - a potion of berserk rage
 l - a potion of mutation
 o - 3 potions of enlightenment
Miscellaneous
 b - a phantom mirror


   Skills:
 + Level 3.0 Fighting
 + Level 6.3 Dodging
 + Level 1.0 Stealth
 + Level 11.2 Unarmed Combat
 + Level 10.9 Shapeshifting


You had 5 spell levels left.
You didn't know any spells.
Your spell library was empty.

Dungeon Overview and Level Annotations

Branches:
Dungeon (1/1)

Altars:
Cheibriados
Dithmenos
Fedhas
Gozag
Hepliaklqana
Makhleb
Nemelex Xobeh
Qazlal
Ru
Xom
Yredelemnul
Jiyva
Lugonu


Innate Abilities, Weirdness & Mutations

You are something dangerously unstable.
You glow with magical radiation, making you easy to see and hit.
Foes you strike become dangerously contaminated with magical radiation.
You are incapable of wielding weapons or throwing items.
((You are very nimble when in or above water. (Stealth+, EV+, Speed+++)))
Your lower body shifts to a powerful aquatic tail in water.
You are agile. (Dex +4, Str/Int -1)
Your mind is acute. (Int +4, Str/Dex -1)


Message History

The spatial vortex dissipates!
Your Fighting skill increases to level 3!
Your Dodging skill increases to level 6!
Your Stealth skill increases to level 1!
Your Unarmed Combat skill increases to level 11!
Your Shapeshifting skill increases to level 10!
You now have 216 gold pieces (gained 189).
There is a snail-covered altar of Cheibriados here.
There is a hazy altar of Hepliaklqana here.
There is an opulent altar of Gozag here.
There is a sparkling altar of Nemelex Xobeh here.
You see here a phantom mirror.
b - a phantom mirror
There is a shimmering altar of Xom here.
There is a hazy altar of Hepliaklqana here.
You start resting.
You start resting.
HP restored.
There is a snail-covered altar of Cheibriados here.
There is a blossoming altar of Fedhas here.
There is an open door here.
There is an open door here.
You open the door.
A necrophage and a necromancer come into view.
The necromancer shouts!
The necromancer points at you and mumbles some strange words.
The bolt of negative energy hits you!!
You feel drained.
Found 14 gold pieces.
Found three altars.
You hit the necrophage but do no damage.
The necrophage begins to glow.
The necrophage barely misses you.
You hit the necrophage but do no damage.
The necrophage glows dangerously bright.
You hit the necrophage.
The necrophage shudders as magic cascades through it!!
You destroy the necrophage!
The necromancer gestures at you while chanting.
The bolt of negative energy hits you!!
You feel drained.
Ouch! That really hurt!
You die...
Your body crumbles into a pile of gold.

▓▓▓ ♣♣♣ ♣.# * ####
♣.♣ ♣♣.# _ #__# ..♣
..# ,* #p_
~.♣♣♣♣.###+#+###$##
~.♣..♣.#........p.#
~~♣..♣.'.⌠........#
≈~~~...#...######'#
~~~....#.⌠.#__#...#
~~.....#...#__#...#
.......#+###__#...#
.......# #__#...+
.......# #__'...#
▓▓▓▓▓▓▓▓ ▓▓▓▓▓▓▓▓


You could see a necromancer.

Vanquished Creatures
  A shadow (D)
  A spatial vortex (D)
  A necrophage (D)
  A water elemental (D)
  A jelly (D)
  A human (D)
  A phantom (D)
  2 endoplasms (D)
  2 rats (D)
11 creatures vanquished.

Notes
Turn   | Place    | Note
-------+----------+-------------------------------------------
     0 | D        | rocky1 the Merfolk Shapeshifter began the quest for the
                  | Orb.
     0 | D        | Reached XP level 1. HP: 15/15 MP: 1/1
     9 | D        | Reached skill level 4 in Unarmed Combat
   179 | D        | Reached skill level 5 in Shapeshifting
   179 | D        | Reached XP level 2. HP: 19/21 MP: 2/2
   198 | D        | Reached skill level 5 in Unarmed Combat
   198 | D        | Reached XP level 3. HP: 6/26 MP: 3/3
   418 | D        | Gained mutation: You expend magic power (3 MP) to
                  | strengthen your wands. [potion of mutation]
   418 | D        | Gained mutation: You have a pair of small horns on your
                  | head. [potion of mutation]
   419 | D        | Lost mutation: You expend magic power (3 MP) to strengthen
                  | your wands. [potion of mutation]
   419 | D        | Lost mutation: You have a pair of small horns on your head.
                  | [potion of mutation]
   419 | D        | Gained mutation: Potions are less effective at restoring
                  | your health. [potion of mutation]
   419 | D        | Gained mutation: You passively map a small area around you.
                  | [potion of mutation]
   420 | D        | Lost mutation: Potions are less effective at restoring your
                  | health. [potion of mutation]
   420 | D        | Lost mutation: You passively map a small area around you.
                  | [potion of mutation]
   420 | D        | Gained mutation: You passively map a small area around you.
                  | [potion of mutation]
   420 | D        | Gained mutation: Armour fits poorly on your strangely
                  | shaped body. [potion of mutation]
   421 | D        | Lost mutation: You passively map a small area around you.
                  | [potion of mutation]
   421 | D        | Lost mutation: Armour fits poorly on your strangely shaped
                  | body. [potion of mutation]
   421 | D        | Gained mutation: A frigid envelope surrounds you and
                  | freezes all who hurt you. [potion of mutation]
   421 | D        | Gained mutation: You are frail. (-10% HP) [potion of
                  | mutation]
   422 | D        | Lost mutation: A frigid envelope surrounds you and freezes
                  | all who hurt you. [potion of mutation]
   422 | D        | Lost mutation: You are frail. (-10% HP) [potion of
                  | mutation]
   422 | D        | Gained mutation: You are agile. (Dex +4, Str/Int -1)
                  | [potion of mutation]
   422 | D        | Gained mutation: Your mind is acute. (Int +4, Str/Dex -1)
                  | [potion of mutation]
   441 | D        | Noticed a water elemental
   446 | D        | Killed a water elemental
   447 | D        | Reached skill level 7 in Unarmed Combat
   447 | D        | Reached XP level 4. HP: 32/32 MP: 4/4
   846 | D        | Noticed a shadow
   849 | D        | Killed a shadow
   850 | D        | Reached skill level 5 in Dodging
   850 | D        | Reached skill level 10 in Unarmed Combat
   850 | D        | Reached XP level 5. HP: 39/39 MP: 5/5
   850 | D        | Reached XP level 6. HP: 46/46 MP: 6/6
   990 | D        | Found a blossoming altar of Fedhas.
   990 | D        | Found a stormy altar of Qazlal.
   990 | D        | Found a snail-covered altar of Cheibriados.
   990 | D        | Found a burning altar of Makhleb.
   990 | D        | Found a shimmering altar of Xom.
   991 | D        | Found a hazy altar of Hepliaklqana.
   991 | D        | Found an opulent altar of Gozag.
   991 | D        | Found a sparkling altar of Nemelex Xobeh.
   991 | D        | Found a corrupted altar of Lugonu.
   991 | D        | Found a viscous altar of Jiyva.
   991 | D        | Noticed a spatial vortex
   997 | D        | Became a worshipper of Gozag Ym Sagoz the Greedy
  1003 | D        | Killed a spatial vortex
  1004 | D        | Reached skill level 1 in Stealth
  1004 | D        | Reached skill level 11 in Unarmed Combat
  1004 | D        | Reached skill level 10 in Shapeshifting
  1146 | D        | Found a basalt altar of Yredelemnul.
  1146 | D        | Found a shadowy altar of Dithmenos.
  1146 | D        | Found a sacrificial altar of Ru.
  1149 | D        | Killed from afar by a necromancer

Illustrated notes

Levels and vault maps discovered:
D:        dungeon_sprint_mu [sprint_mu_entry_forest, sprint_mu_temple_rooms,
          sprint_mu_d1_horrors, sprint_mu_d2_genie, sprint_mu_d3_branching,
          sprint_mu_orc_legion, sprint_mu_elf_gauntlet, sprint_mu_hive_nellie,
          sprint_mu_lair_fedhas, sprint_mu_vaults_butterflies,
          sprint_mu_slime_circle, sprint_mu_shoals_kraken,
          sprint_mu_snake_twists, sprint_mu_blade_basic,
          sprint_mu_crypt_fortress, sprint_mu_tomb_spiral,
          sprint_mu_vestibule_basic, sprint_mu_gehenna_hellfire,
          sprint_mu_dis_giant, sprint_mu_tartarus_statrot,
          sprint_mu_cocytus_islands, sprint_mu_zot1]

Skill      XL: |  1  2  3  4  5  6 |
---------------+-------------------+-----
Dodging        | 3 4 5 6 |  6.3
Unarmed Combat | 4 5 7 10 11 | 11.2
Shapeshifting  | 5 6 7 9 10 | 10.9
Fighting       | 2 3 |  3.0
Stealth        | 1 |  1.0

Action                     |  1- 3 |  4- 6 || total
---------------------------+-------+-------++-------
  Melee: Unarmed           |    34 |    15 ||    49
         Punch             |     1 |       ||     1
         Tailslap          |     3 |       ||     3
    Use: Potion            |     6 |       ||     6
 Armour: Animal skin       |     8 |     5 ||    13
         Skin              |     3 |       ||     3
  Dodge: Dodged            |    13 |     4 ||    17
   Form: Flux              |       |     1 ||     1

Table legend: (Time is in decaauts)
 A = Elapsed time spent in this place.
 B = Non-inter-level travel time spent in this place.
 C = Inter-level travel time spent in this place.
 D = Time resting spent in this place.
 E = Time spent auto-exploring this place.
 F = Levels seen in this place.
 G = Mean time per level.
                   A        B        C        D        E       F      G
               +--------+--------+--------+--------+--------+-----+--------+
         Total |   1138 |   1138 |      0 |    955 |      0 |   1 | 1138.0 |
       Dungeon |   1138 |   1138 |      0 |    955 |      0 |   1 | 1138.0 |
               +--------+--------+--------+--------+--------+-----+--------+

Top non-repeatable levels by time:
       D: 1138 daAuts
